 Dungeon Crawl Stone Soup version 0.28-a0-265-g048bc9fd10 (webtiles) character file.

Game seed: 162418861084110295

2473 thedisplayname the Basher (level 9, -4/79 (82) HPs)
             Began as a Hill Orc Fighter on Aug 24, 2021.
             Was a Follower of the Shining One.
             Slain by a red ugly thing (6 damage)
             ... on level 9 of the Dungeon on Aug 27, 2021.
             The game lasted 00:22:33 (10909 turns).

thedisplayname the Basher (Hill Orc Fighter)       Turns: 10909, Time: 00:22:34

HP:   -4/79 (82)    AC:  8    Str: 20    XL:     9   Next: 51%
MP:   9/9           EV:  6    Int:  8    God:    the Shining One [*.....]
Gold: 426           SH: 12    Dex: 12    Spells: 8/8 levels left

rFire   . . .      SeeInvis .   a - +0 flail
rCold   . . .      Faith    .   c - +2 kite shield
rNeg    . . .      Spirit   .   m - +0 chain mail
rPois   .          Reflect  .   s - +2 helmet
rElec   +          Harm     .   (no cloak)
rCorr   +          Rampage  .   (no gloves)
Will    +....                   (no boots)
Stlth   ..........              (no amulet)
HPRegen 0.23/turn               e - ring of willpower
MPRegen 0.11/turn               h - ring of resist corrosion

@: lethally poisoned (-4 -> -9), glowing, lightly drained
A: deformed body, electricity resistance, evolution 1
a: Renounce Religion, Convert to Beogh


You were on level 9 of the Dungeon.
You worshipped the Shining One.
The Shining One was aware of your devotion.
You visited 1 branch of the dungeon, and saw 9 of its levels.

You collected 426 gold pieces.

Inventory:

Hand Weapons
 a - a +0 flail (weapon)
Missiles
 i - a throwing net (quivered)
Armour
 b - a +0 scale mail
 c - a +2 kite shield (worn)
 m - a +0 chain mail (worn)
 n - +0 steam dragon scales
 s - a +2 helmet (worn)
Jewellery
 e - a ring of willpower (left hand)
 h - a ring of resist corrosion (right hand)
 k - a ring of flight
 v - a ring of see invisible
Wands
 f - a wand of flame (2)
 g - a wand of charming (6)
 o - a wand of paralysis (5)
 p - a wand of mindburst (15)
Scrolls
 d - 2 scrolls of amnesia
 u - a scroll of silence
Potions
 t - a potion of cancellation


   Skills:
 + Level 8.3 Fighting
 * Level 10.0 Maces & Flails
 - Level 3.2 Armour
 + Level 7.6 Shields


You had 8 spell levels left.
You didn't know any spells.
Your spell library contained the following spells:

 Spells                   Type           Power      Damage    Failure   Level
 Sting                    Tmut/Pois      0%         1d3       100%        1
 Poisonous Vapours        Pois/Air       0%         N/A       100%        2
 Animate Armour           Summ/Erth      0%         N/A       100%        4
 Olgreb's Toxic Radiance  Pois           0%         N/A       100%        4
 Passage of Golubria      Tloc           N/A        N/A       100%        4
 Blade Hands              Tmut           0%         N/A       100%        5
 Silence                  Hex/Air        0%         N/A       100%        5
 Iron Shot                Conj/Erth      0%         9d1       100%        6
 Lehudib's Crystal Spear  Conj/Erth      0%         10d2      100%        8


Dungeon Overview and Level Annotations

Branches:
Dungeon (8/15)             Temple (0/1) D:7
   Lair: D:8-11

Altars:
Dithmenos
Elyvilon
Fedhas
Gozag
Trog
Uskayaw
Vehumet
Wu Jian
Yredelemnul
Zin
The Shining One

Annotations:
D:9 Psyche


Innate Abilities, Weirdness & Mutations

Armour fits poorly on your strangely shaped body.
You are resistant to electric shocks. (rElec)
You have hidden genetic potential.


Message History

The orc shouts!
You hear a shout!
The killer bee stings you but does no damage.
The killer bee barely misses you. The killer bee stings you.
You are poisoned.
The killer bee poisons you!
The killer bee stings you but does no damage.
The orc hits you but does no damage.
Okay, then.
Aiming: Charm
Press: ? - help, Shift-Dir - straight line, f - orc
Aim: an orc, wielding a +0 whip (haloed, chance to affect: 63%)
The orc is charmed.
You feel very sick. You block the killer bee's attack.
The killer bee barely misses you. The killer bee stings you!
A centaur comes into view. x2
The killer bee stings you but does no damage.
The killer bee stings you! The killer bee closely misses your orc.
The killer bee stings your orc. The red ugly thing pecks you!
You are engulfed in flames!!
* * * LOW HITPOINT WARNING * * *
The killer bee barely misses you.
The killer bee stings you but does no damage.
The orc warrior hits your orc with a +0 hand axe!
Your orc dies!
The killer bee barely misses you.
Okay, then.
Okay, then.
* * * LOW HITPOINT WARNING * * *
You feel sick. You block the killer bee's attack. The killer bee stings you.
* * * LOW HITPOINT WARNING * * *
The killer bee barely misses you. You block the killer bee's attack.
The killer bee stings you.
* * * LOW HITPOINT WARNING * * *
You block the killer bee's attack. The killer bee stings you!
The Shining One protects you from harm! The killer bee stings you.
The Shining One protects you from harm! The red ugly thing pecks you.
You die...

.......#######
...............#
...............#.
#......c.........
.#o..>...........
...............##
...(...y.........
......yyy........
......y@yy.......
.#....oyu........
###...o.........
#.............
#...?.........
.....c.........
...##...........
.#. ...##.......


You could see a red ugly thing, a hornet, an orc warrior, 2 centaurs, 7 killer
bees, an orc priest and an orc.

Vanquished Creatures
  Grinder (D:4)
  Prince Ribbit (D:5)
  2 steam dragons
  3 ice beasts
  3 necrophages
  An ogre (D:5)
  A phantom (D:3)
  A bullfrog (D:6)
  7 wights (D:7)
  2 bullfrog zombies
  5 hounds
  3 jellies
  Ijyb (D:4)
  Natasha (thrice) (D:2)
  2 iguanas (D:6)
  2 orc wizards
  A killer bee zombie (D:5)
  A hound zombie (D:5)
  7 adders
  3 gnolls (D:5)
  An ufetubus (D:5)
  2 adder skeletons (D:4)
  2 dart slugs
  10 orcs
  7 ball pythons
  12 endoplasms
  6 giant cockroaches
  9 goblins
  6 hobgoblins
  10 jackals
  8 kobolds
  6 quokkas
  5 bats
  6 frilled lizards
  5 rats
145 creatures vanquished.

Vanquished Creatures (others)
  2 orcs (D:9)
2 creatures vanquished.

Grand Total: 147 creatures vanquished

Notes
Turn   | Place    | Note
-------+----------+-------------------------------------------
     0 | D:1      | thedisplayname the Hill Orc Fighter began the quest for the
                  | Orb.
     0 | D:1      | Reached XP level 1. HP: 19/19 MP: 1/1
   187 | D:1      | Reached XP level 2. HP: 27/27 MP: 2/2
   465 | D:1      | Reached skill level 3 in Maces & Flails
   740 | D:1      | Reached XP level 3. HP: 33/33 MP: 3/3
   964 | D:2      | Noticed Natasha
   980 | D:2      | Killed Natasha
   981 | D:2      | Reached XP level 4. HP: 19/40 MP: 4/4
  1367 | D:2      | Noticed Natasha
  1377 | D:2      | Killed Natasha
  1378 | D:2      | Reached skill level 4 in Maces & Flails
  1968 | D:2      | Noticed Natasha
  1974 | D:2      | Killed Natasha
  1975 | D:2      | Reached XP level 5. HP: 44/47 MP: 5/5
  2237 | D:2      | Found a faded altar of an unknown god.
  3283 | D:3      | Reached skill level 5 in Maces & Flails
  3283 | D:3      | Reached XP level 6. HP: 46/55 MP: 6/6
  3474 | D:3      | Reached skill level 5 in Fighting
  4160 | D:4      | Noticed Grinder
  4170 | D:4      | Paralysed by Grinder for 4 turns
  4176 | D:4      | Killed Grinder
  4177 | D:4      | Reached skill level 6 in Maces & Flails
  4177 | D:4      | Reached skill level 5 in Shields
  4177 | D:4      | Reached XP level 7. HP: 24/62 MP: 7/7
  5211 | D:4      | Noticed Ijyb
  5214 | D:4      | Paralysed by Ijyb for 5 turns
  5232 | D:4      | Killed Ijyb
  5547 | D:4      | Gained mutation: You sometimes lose the ability to read
                  | scrolls when taking damage. [potion of mutation]
  5549 | D:5      | Entered Level 5 of the Dungeon
  5585 | D:5      | Reached skill level 7 in Maces & Flails
  6139 | D:5      | Lost mutation: You sometimes lose the ability to read
                  | scrolls when taking damage. [potion of mutation]
  6139 | D:5      | Gained mutation: You are dopey. (Int -2) [potion of
                  | mutation]
  6139 | D:5      | Gained mutation: You are resistant to electric shocks.
                  | (rElec) [potion of mutation]
  6140 | D:5      | Lost mutation: You are dopey. (Int -2) [potion of mutation]
  6140 | D:5      | Gained mutation: Armour fits poorly on your strangely
                  | shaped body. [potion of mutation]
  6140 | D:5      | Gained mutation: You have hidden genetic potential. [potion
                  | of mutation]
  6173 | D:5      | Reached XP level 8. HP: 68/70 MP: 8/8
  6185 | D:5      | Noticed Prince Ribbit
  6233 | D:5      | Upgraded the game from 0.28-a0-245-g639a1a48b9 to
                  | 0.28-a0-265-g048bc9fd10
  6876 | D:5      | Killed Prince Ribbit
  6877 | D:5      | Reached skill level 8 in Maces & Flails
  7470 | D:5      | Found a blossoming altar of Fedhas.
  7472 | D:5      | Found a glowing golden altar of the Shining One.
  7477 | D:5      | Found a shadowy altar of Dithmenos.
  7478 | D:5      | Found a radiant altar of Vehumet.
  7478 | D:5      | Found a bloodstained altar of Trog.
  7478 | D:5      | Found a white marble altar of Elyvilon.
  7478 | D:5      | Found an opulent altar of Gozag.
  7479 | D:5      | Found a glowing silver altar of Zin.
  7480 | D:5      | Found a hide-covered altar of Uskayaw.
  7481 | D:5      | Found an ornate altar of the Wu Jian Council.
  7483 | D:5      | Found a basalt altar of Yredelemnul.
  7556 | D:5      | Became a worshipper of the Shining One
  9243 | D:6      | Reached skill level 9 in Maces & Flails
  9243 | D:6      | Reached XP level 9. HP: 68/79 MP: 9/9
 10761 | D:7      | Reached * piety under the Shining One
 10762 | D:7      | Found a staircase to the Ecumenical Temple.
 10768 | D:7      | Reached skill level 10 in Maces & Flails
 10876 | D:7      | You fall into a shaft and drop 2 floors!
 10876 | D:9      | Noticed Psyche
 10902 | D:9      | Noticed a hornet
 10904 | D:9      | Noticed a red ugly thing
 10909 | D:9      | HP: 3/79 [killer bee (2)]
 10909 | D:9      | The Shining One protects you from harm!
 10909 | D:9      | The Shining One protects you from harm!
 10909 | D:9      | Slain by a red ugly thing

Illustrated notes

Levels and vault maps discovered:
D:1:      minmay_arrival_loop, layout_loops_ring
D:2:      layout_basic, ebering_ecumenical_altar_hall, uniq_natasha
D:3:      layout_rooms, minmay_vboxes
D:4:      layout_basic, uniq_ijyb, uniq_grinder
D:5:      layout_basic, minitemple, grunt_ministairs_11,
          kennysheep_generic_room_12, uniq_prince_ribbit1
D:6:      layout_gridville
D:7:      layout_loops_ring, minmay_temple_entry_drinking_statues,
          serial_undead, serial_undead_f, serial_undead_c, serial_undead_d,
          serial_undead_d, serial_undead_a, serial_undead_d
D:8:      minmay_chambers_of_sevens, layout_loops_ring,
          mainiacjoe_overflow_boulevard, minmay_strange_pillars, minivault_10,
          minivault_26
D:9:      dragon1_lemuel, layout_cave_pools, hangedman_minor_gate_pass,
          uniq_psyche

Skill      XL: |  1  2  3  4  5  6  7  8  9 |
---------------+----------------------------+-----
Maces & Flails | 3 4 5 6 7 9 10 | 10.0
Fighting       | 4 5 6 7 8 |  8.3
Shields        | 4 5 6 7 |  7.6
Armour         | |  3.2

Action                   |  1- 3 |  4- 6 |  7- 9 || total
-------------------------+-------+-------+-------++-------
Melee: Flail             |    93 |   217 |   316 ||   626
Evoke: Wand              |       |       |     5 ||     5
  Use: Scroll            |     4 |     2 |    10 ||    16
       Potion            |     1 |     5 |    10 ||    16
Armor: Scale mail        |    64 |    21 |       ||    85
       Chain mail        |       |   116 |   115 ||   231
       Skin              |       |    73 |       ||    73
Dodge: Dodged            |    46 |    59 |    70 ||   175
Block: Kite shield       |    57 |   170 |   197 ||   424

Table legend: (Time is in decaauts)
 A = Elapsed time spent in this place.
 B = Non-inter-level travel time spent in this place.
 C = Inter-level travel time spent in this place.
 D = Time resting spent in this place.
 E = Time spent auto-exploring this place.
 F = Levels seen in this place.
 G = Mean time per level.
                   A        B        C        D        E       F      G
               +--------+--------+--------+--------+--------+-----+--------+
         Total |  11078 |  10963 |    115 |   4610 |   4639 |   9 | 1230.9 |
       Dungeon |  11078 |  10963 |    115 |   4610 |   4639 |   9 | 1230.9 |
               +--------+--------+--------+--------+--------+-----+--------+

Top non-repeatable levels by time:
     D:4: 2075 daAuts
     D:5: 1976 daAuts
     D:6: 1885 daAuts
     D:3: 1616 daAuts
     D:2: 1462 daAuts
     D:1: 1001 daAuts
     D:7: 521 daAuts
     D:8: 508 daAuts
     D:9: 32 daAuts
